 Dungeon Crawl Stone Soup version 0.32-a0-128-g77eb882913 (webtiles) character file.

Game seed: 17784831084363516310

2380 anacleto the Ruffian (level 9, -12/83 HPs)
             Began as a Troll Shapeshifter on Feb 7, 2024.
             Mangled by an orc warrior
             ... wielding a +0 halberd
              (17 damage)
             ... on level 7 of the Dungeon on Feb 8, 2024.
             The game lasted 00:13:06 (5433 turns).

anacleto the Ruffian (Troll Shapeshifter)           Turns: 5433, Time: 00:13:07

Health: -12/83     AC:  5    Str: 28    XL:     9   Next: 22%
Magic:  10/10      EV: 10    Int:  6    God:
Gold:   386        SH:  0    Dex:  9    Spells: 8/8 levels left

rFire   . .          .
                       - Unarmed
rCold   . . .        (no shield)
rNeg    . . .        b - +0 troll leather armour
rPois   .            (helmet currently unavailable)
rElec   .            (cloak currently unavailable)
rCorr   .            (gloves unavailable)
SInv    .            (boots unavailable)
Will    .....        (no amulet)
Stlth   +            (no ring)
HPRegen 1.93/turn    (no ring)
MPRegen 0.12/turn

%: no passive effects
@: beast-form
A: beast (slay +3), large, unfitting armour, claws 3, regeneration 1, shaggy fur
1, tough skin 1
a: Begin Untransformation


You were on level 7 of the Dungeon.
You were a hulking beast.
You visited 1 branch of the dungeon, and saw 7 of its levels.

You collected 386 gold pieces.

Inventory:

Missiles
 l - 6 silver javelins (quivered)
 s - 4 curare-tipped darts
 u - 3 atropa-tipped darts
 w - 3 large rocks
Armour
 b - a +0 troll leather armour (worn)
Jewellery
 e - a ring of positive energy
 n - a +6 ring of strength
Talismans
 c - a beast talisman (active)
 d - a flux talisman
Wands
 g - a wand of charming (26)
 k - a wand of flame (31)
Scrolls
 f - a scroll of butterflies
 m - a scroll of enchant weapon
 o - 4 scrolls of vulnerability
 p - a scroll of fog {unknown}
 q - 2 scrolls of revelation
 r - a scroll of blinking {unknown}
 x - a scroll of teleportation
Potions
 a - a potion of brilliance
 h - 6 potions of curing
 i - a potion of haste {unknown}
 j - 2 potions of heal wounds
 t - a potion of magic {unknown}
 v - a potion of attraction {unknown}


   Skills:
 + Level 3.5 Fighting
 + Level 3.4 Throwing
 + Level 3.6 Dodging
 + Level 3.4 Shields
 * Level 6.5 Unarmed Combat
 + Level 3.4 Invocations
 * Level 6.1 Shapeshifting


You had 8 spell levels left.
You didn't know any spells.
Your spell library contained the following spells:

 Spells                   Type           Power      Damage    Failure   Level
 Kiss of Death            Conj/Necr      0%         2d5       50%         1
 Magic Dart               Conj           0%         1d3       50%         1
 Blink                    Tloc           0%         N/A       63%         2
 Call Imp                 Summ           0%         N/A       63%         2
 Cigotuvi's Dreadful Rot  Necr/Alch/Air  0%         N/A       63%         2
 Lesser Beckoning         Tloc           0%         N/A       63%         2
 Momentum Strike          Conj/Tloc      0%         3d8       63%         2
 Confusing Touch          Hex            0%         N/A       86%         3
 Volatile Blastmotes      Fire/Tloc      0%         2d10      86%         3
 Cause Fear               Hex            0%         N/A       99%         4
 Dispel Undead            Necr           0%         3d6       99%         4
 Fulminant Prism          Conj/Alch      0%         3d5       99%         4
 Ignite Poison            Fire/Alch      0%         N/A       99%         4
 Iskenderun's Mystic Bla  Conj/Tloc      0%         2d3       99%         4
 Fireball                 Conj/Fire      0%         3d3       100%        5
 Freezing Cloud           Conj/Ice/Air   0%         6-21      100%        5
 Dragon's Call            Summ           0%         N/A       100%        9


Dungeon Overview and Level Annotations

Branches:
Dungeon (7/15)
 Temple: D:4-7

Altars:
Fedhas
Sif Muna
Trog
Wu Jian

Annotations:
D:4 2 transporters, 1 runed translucent door, Crazy Yiuf; Dittersdorf's ghost, novice GrFi
D:7 Joseph


Innate Abilities, Weirdness & Mutations

You are a hulking beast.
Your limbs bulge with bestial killing power. (Slay +3)
You are too large for most types of armour.
You have claws for hands.
Your natural rate of healing is unusually fast.
You are covered in fur. (AC +1)
You have tough skin. (AC +1)


Message History

You are engulfed in a cloud of scalding steam.
The steam dragon closely misses you. x2
You scratch the steam dragon.
The steam dragon is lightly wounded.
You are engulfed in a cloud of scalding steam.
The steam dragon misses you.
The steam dragon claws you but does no damage.
You barely miss the steam dragon.
The steam dragon is lightly wounded.
You are engulfed in a cloud of scalding steam.
The steam dragon breathes steam at you. The ball of steam hits you!
An orc warrior comes into view. It is wielding a +0 halberd.
You hear a shout! x3
You feel much better. The steam dragon bites you!
The steam dragon claws you but does no damage.
You claw the steam dragon!
The steam dragon is severely wounded.
The steam dragon breathes steam at you. The ball of steam hits you!
An orc comes into view. It is wielding a +0 whip.
Found a ring mail.
An orc wizard comes into view. It is wielding a +0 dagger.
The steam dragon closely misses you. The steam dragon claws you.
You claw the steam dragon!
You kill the steam dragon!
Okay, then.
Joseph, a Mercenary comes into view.
He is wielding a +4 quarterstaff of draining and carrying a wand of charming.
Joseph unwields a +4 quarterstaff of draining.
Joseph wields a +0 sling.
Joseph shoots a sling bullet.
The sling bullet hits you!
* * * LOW HITPOINT WARNING * * *
The orc warrior hits you with a +0 halberd!
* * * LOW HITPOINT WARNING * * *
The orc warrior hits you from afar with a +0 halberd!
* * * LOW HITPOINT WARNING * * *
Found a scroll of amnesia.
The orc warrior attacks as it pursues you!
The orc warrior hits you from afar with a +0 halberd!
You die...

..# ..# ....?..... ..#
........##+### ####
#.............# ...#
#.[...........# ##.#####
#......@......# .......##.
#.............# .......##.
#.....o.......#
.......##.##....h.o......#
.......##..#....<.o......#
.......#
#...............###
..######
##................. ..###
#####..............##.
....###..................#
..#.##.......########+####
..#.......##.#
..#.......##.#


You could see Joseph, an orc warrior, an orc wizard and an orc.

Vanquished Creatures
  Grinder (D:4)
  Sigmund (D:3)
  A steam dragon (D:7)
  Menkaure (D:4)
  Edmund (D:5)
  2 water moccasins
  A sky beast (D:7)
  2 ice beasts
  2 phantoms
  Blork the orc (D:6)
  2 bullfrogs
  A scorpion (D:6)
  5 wights (D:6)
  3 bombardier beetles
  2 hounds
  A gnoll bouda (D:6)
  Jessica (D:3)
  2 sleepcaps (D:6)
  2 iguanas (D:4)
  4 gnolls
  8 adders
  2 shadow imps
  A white imp (D:6)
  4 dart slugs
  10 orcs
  6 endoplasms
  5 giant cockroaches
  9 goblins
  3 hobgoblins
  3 jackals (D:1)
  4 quokkas
  9 ball pythons
  11 bats
  6 frilled lizards
  9 kobolds
  11 rats
137 creatures vanquished.

Notes
Turn   | Place    | Note
-------+----------+-------------------------------------------
     0 | D:1      | anacleto the Troll Shapeshifter began the quest for the
                  | Orb.
     0 | D:1      | Reached XP level 1. HP: 18/18 MP: 0/0
   162 | D:1      | Reached XP level 2. HP: 26/26 MP: 1/1
   360 | D:1      | Reached skill level 1 in Fighting
   681 | D:1      | Reached XP level 3. HP: 33/33 MP: 2/2
  1075 | D:2      | Reached XP level 4. HP: 37/41 MP: 3/3
  1428 | D:2      | Reached skill level 1 in Throwing
  1428 | D:2      | Reached skill level 1 in Shields
  1428 | D:2      | Reached skill level 1 in Invocations
  1782 | D:3      | Noticed Jessica
  1795 | D:3      | Killed Jessica
  1796 | D:3      | Reached XP level 5. HP: 40/48 MP: 4/4
  2113 | D:3      | Noticed Sigmund
  2128 | D:3      | Killed Sigmund
  2129 | D:3      | Reached XP level 6. HP: 52/57 MP: 4/6
  2335 | D:3      | Noticed a moth of wrath
  2337 | D:3      | Found a bloodstained altar of Trog.
  2549 | D:4      | Noticed Grinder
  2563 | D:4      | Paralysed by Grinder for 4 turns
  2571 | D:4      | Killed Grinder
  2572 | D:4      | Reached XP level 7. HP: 45/65 MP: 7/7
  2780 | D:4      | Found a shimmering blue altar of Sif Muna.
  2882 | D:4      | Noticed Menkaure
  2889 | D:4      | Killed Menkaure
  2905 | D:4      | Found a transporter.
  2908 | D:4      | Found a transporter.
  2910 | D:4      | Noticed Dittersdorf's ghost (novice GrFi)
  3056 | D:4      | Found a runed translucent door.
  3057 | D:4      | Noticed Crazy Yiuf
  3515 | D:5      | Entered Level 5 of the Dungeon
  3537 | D:4      | HP: 4/97 [poisoned by a water moccasin]
  3540 | D:4      | Reached skill level 5 in Unarmed Combat
  3542 | D:4      | HP: 4/99 [poisoned by a water moccasin]
  3779 | D:5      | Noticed Edmund
  3788 | D:5      | Killed Edmund
  3892 | D:5      | Reached skill level 5 in Shapeshifting
  3892 | D:5      | Reached XP level 8. HP: 74/74 MP: 8/8
  4238 | D:6      | Found a blossoming altar of Fedhas.
  4881 | D:6      | Noticed Blork the orc
  5003 | D:6      | Killed Blork the orc
  5038 | D:6      | Reached XP level 9. HP: 80/83 MP: 10/10
  5240 | D:7      | Found an ornate altar of the Wu Jian Council.
  5430 | D:7      | Noticed Joseph
  5432 | D:7      | HP: 3/83 [orc warrior/+0 halberd (9)]
  5433 | D:7      | Mangled by an orc warrior

Illustrated notes

Levels and vault maps discovered:
D:1:      minmay_arrival_three_doors, layout_basic,
          hangedman_abyss_or_decor_stabs, minmay_close_crescents
D:2:      layout_basic, minmay_divided_ellipse
D:3:      layout_basic, tgw_trog, uniq_jessica, uniq_sigmund
D:4:      layout_loops_corners, kennysheep_little_box,
          gammafunk_ghost_mausoleum, hex_medium, uniq_menkaure,
          uniq_crazy_yiuf_cottage, uniq_grinder
D:5:      layout_cave_pools, uniq_edmund
D:6:      layout_gridville, fedhas_ov_isle_minmay, uniq_blork_the_orc
D:7:      layout_basic, mainiacjoe_overflow_cross_hatched,
          mainiacjoe_overflow_small_starburst, temple_hall, uniq_joseph

Skill      XL: |  1  2  3  4  5  6  7  8  9 |
---------------+----------------------------+-----
Fighting       | 1 2 3 |  3.5
Throwing       | 1 2 3 |  3.4
Shields        | 1 2 3 |  3.4
Invocations    | 1 2 3 |  3.4
Dodging        | 2 3 |  3.6
Unarmed Combat | 4 5 6 |  6.5
Shapeshifting  | 4 5 6 |  6.1

Action                     |  1- 3 |  4- 6 |  7- 9 || total
---------------------------+-------+-------+-------++-------
  Melee: Unarmed           |   105 |    96 |   166 ||   367
         Punch             |     2 |     2 |     5 ||     9
Ability: Begin Untransform |       |       |     1 ||     1
    Use: Scroll            |       |       |    11 ||    11
         Potion            |       |       |     2 ||     2
 Armour: Animal skin       |    84 |    82 |    22 ||   188
         Troll leather arm |       |       |   108 ||   108
         Skin              |       |       |     7 ||     7
  Dodge: Dodged            |    59 |    52 |    76 ||   187
   Form: Beast             |       |       |     1 ||     1

Table legend: (Time is in decaauts)
 A = Elapsed time spent in this place.
 B = Non-inter-level travel time spent in this place.
 C = Inter-level travel time spent in this place.
 D = Time resting spent in this place.
 E = Time spent auto-exploring this place.
 F = Levels seen in this place.
 G = Mean time per level.
                   A        B        C        D        E       F      G
               +--------+--------+--------+--------+--------+-----+--------+
         Total |   5406 |   5254 |    152 |    252 |   3663 |   7 |  772.3 |
       Dungeon |   5406 |   5254 |    152 |    252 |   3663 |   7 |  772.3 |
               +--------+--------+--------+--------+--------+-----+--------+

Top non-repeatable levels by time:
     D:4: 1330 daAuts
     D:6: 947 daAuts
     D:3: 824 daAuts
     D:1: 803 daAuts
     D:2: 800 daAuts
     D:5: 506 daAuts
     D:7: 194 daAuts
